 Dungeon Crawl Stone Soup version 0.17-a0-2122-g03d97ec (webtiles) character file.

10776 Ordine the Grappler (level 11, -7/111 HPs)
             Began as a Troll Monk on Oct 20, 2015.
             Was a Believer of Jiyva.
             Mangled by a spiny frog (18 damage)
             ... on level 8 of the Lair of Beasts on Oct 21, 2015.
             The game lasted 00:30:35 (10297 turns).

Ordine the Grappler (Troll Monk)                   Turns: 10297, Time: 00:30:35

Health: -7/111     AC: 10    Str: 24    XL:     11   Next: 40%
Magic:  10/10      EV: 15    Int:  6    God:    Jiyva [**....]
Gold:   552        SH:  0    Dex: 17    Spells: 0 memorised, 10 levels left

rFire  . . .     SeeInvis +       - Unarmed
rCold  . . .     Clarity  .     a - +1 robe
rNeg   . . .     SustAt   .     (no shield)
rPois  .         Gourm    +     (helmet restricted)
rElec  .         Spirit   .     q - +0 cloak
rCorr  .         Warding  .     (gloves unavailable)
rMut   .         Stasis   .     (boots unavailable)
MR     +....                    (no amulet)
Stlth  ++........               c - +3 ring of strength
                                g - ring of protection from magic

@: lethally poisoned (-7 -> -7), somewhat resistant to hostile enchantments,
unstealthy
A: unfitting armour, claws 3, fangs 1, horns 1, talons 1, icy blue scales 1,
thin metallic scales 1, see invisible, agile 1, fast metabolism 3, gourmand,
regeneration 2, shaggy fur 1, tough skin 2
a: Request Jelly, Jelly Paralyse, Renounce Religion


You were on level 8 of the Lair of Beasts.
You worshipped Jiyva.
Jiyva was pleased with you.
You were very full.

You visited 3 branches of the dungeon, and saw 19 of its levels.
You also visited: Sewer.

You collected 552 gold pieces.

Inventory:

Armour
 a - a +1 robe (worn)
 q - a +0 cloak (worn)
 A - a steam dragon hide
Jewellery
 c - a +3 ring of strength (right claw)
 g - a ring of protection from magic (left claw)
 m - an uncursed amulet of stasis
Wands
 p - a wand of hasting (3)
 x - a wand of fire (6)
 y - a wand of teleportation (6)
 B - a wand of confusion (20)
Scrolls
 t - 3 scrolls of teleportation
 u - a scroll of fog
 v - 3 scrolls of remove curse
 C - a scroll of fear
Potions
 e - 3 potions of curing
 j - 3 potions of might
 l - a potion of haste
 n - a potion of invisibility {unknown}
 r - a potion of brilliance {unknown}
 s - a potion of heal wounds {unknown}
Books
 h - a book of Cantrips

   Spells                             Type                      Level
   a - Corona                         Hexes                        1
   b - Animate Skeleton               Necromancy                   1
   c - Summon Small Mammal            Summoning                    1
   d - Apportation                    Translocation                1
Comestibles
 b - 12 bread rations
 d - 7 beef jerkies
 i - 2 meat rations
 w - 2 royal jellies
 z - 2 slices of pizza


   Skills:
 + Level 7.9 Fighting
 + Level 8.1 Dodging
 - Level 1.1 Stealth
 * Level 13.2 Unarmed Combat


You had 10 spell levels left.
You didn't know any spells.

Dungeon Overview and Level Annotations

Branches:
Dungeon (10/15)            Temple (1/1) D:4            Lair (8/8) D:10
  Snake (0/4) Lair:6        Slime (0/6) Lair:8          Orc (0/4) D:9
  Swamp: Lair:3-6    Shoals: Lair:3-6

Altars:
Ashenzari
Cheibriados
Dithmenos
Elyvilon
Fedhas
Gozag
Kikubaaqudgha
Makhleb
Nemelex Xobeh
Okawaru
Qazlal
Ru
Sif Muna
Trog
Vehumet
Xom
Yredelemnul
Zin
The Shining One
Jiyva

Annotations:
Lair:8 Adamkad1's ghost, journeyman TrMo


Innate Abilities, Weirdness & Mutations

You are too large for most types of armour.
You have claws for hands.
Your metabolism is lightning-fast.
You like to eat raw meat.
You heal very quickly.
You are covered in fur (AC +1).
You have very tough skin (AC +2).
You have very sharp teeth.
You have a pair of small horns on your head.
You have sharp toenails.
You are partially covered in icy blue scales (AC +1).
You are partially covered in thin metallic scales (AC +2).
You have supernaturally acute eyesight.
You are agile. (Dex +2)


Message History

There is a viscous altar of Jiyva here.
You claw the water moccasin! Your kick misses the water moccasin.
You headbutt the water moccasin, but do no damage.
You claw the water moccasin!
You kill the water moccasin!
You hear a distant blaring wail to the west.
Adamkad1's ghost hits you!
* * * LOW HITPOINT WARNING * * *
The worker ant bites you but does no damage.
Unknown command.
The spiny frog stings you.
* * * LOW HITPOINT WARNING * * *
You feel sick. Adamkad1's ghost hits you.
* * * LOW HITPOINT WARNING * * *
Unknown command.
The spiny frog barely misses you. Adamkad1's ghost misses you.
The spiny frog misses you. Adamkad1's ghost hits you!
* * * LOW HITPOINT WARNING * * *
The spiny frog stings you!!
You die...

,,,,,,,,,,............**
,,,,,,,,.............###
,,,,,,,,...............#
,,,..................P.#
..........P............#
...........#....^.....#*
...........##........P##
..^.......###..........#
..........PPPP.>@a.....##
..........PP.....FW...P.#
PP.............P......P.#
..P........PPPP.PP....###
...##......PPPPPJ.....#
..#*#P....PPPPP.#.....#**
.##.SP....PPPPP......PP.*
##...P....PP.P..........#
#....P....PP...........##


You could see a spiny frog, a worker ant, Adamkad1's ghost and a neutral jelly
(fellow slime).

Vanquished Creatures
  A hill giant (D:10)
  A centaur zombie (D:9)
  4 elephants (Lair:6)
  2 komodo dragons
  A gargoyle (D:10)
  Grinder (D:5)
  A spriggan (D:7)
  12 yaks (D:9)
  2 steam dragons (D:8)
  A basilisk (Lair:6)
  2 hippogriffs
  4 water moccasins
  A hungry ghost (D:9)
  2 sky beasts
  An ice beast (D:6)
  An orc warrior (D:10)
  A phantom (D:10)
  A wasp (D:7)
  2 porcupines (Lair:3)
  2 necrophages
  A big kobold (D:8)
  3 ogres
  3 centaurs
  7 giant frogs
  3 crocodiles
  A wyvern zombie (D:10)
  A scorpion (D:10)
  8 killer bees (D:10)
  5 crimson imps
  A quasit (D:10)
  5 hounds
  A giant frog zombie (D:10)
  3 jellies
  Crazy Yiuf (D:3)
  2 giant frog skeletons
  8 orc priests
  Jessica (D:2)
  16 orc wizards
  8 worker ants
  4 iguanas
  A worker ant zombie (D:5)
  10 adders
  3 gnolls (D:6)
  3 shadow imps
  3 adder skeletons
  3 worms
  6 giant geckos
  62 orcs
  12 bats
  5 giant cockroaches
  7 goblins
  13 hobgoblins
  18 jackals
  12 kobolds
  6 quokkas
  3 ball pythons
  A giant gecko skeleton (D:7)
  10 giant newts
  A jackal skeleton (D:4)
  A quokka skeleton (D:9)
  9 rats
  2 plants (Sewer)
316 creatures vanquished.

Vanquished Creatures (others)
  4 plants
4 creatures vanquished.

Grand Total: 320 creatures vanquished

Notes
Turn   | Place    | Note
--------------------------------------------------------------
     0 | D:1      | Ordine the Troll Monk began the quest for the Orb.
     0 | D:1      | Reached XP level 1. HP: 22/22 MP: 0/0
     6 | D:1      | Noticed an anaconda
     7 | D:1      | Noticed a wolf
     7 | D:1      | Noticed a seven-headed hydra
   137 | D:1      | Reached XP level 2. HP: 29/29 MP: 1/1
   421 | D:1      | Reached XP level 3. HP: 36/36 MP: 2/2
   707 | D:2      | Noticed Jessica
   716 | D:2      | Killed Jessica
   834 | D:2      | Reached XP level 4. HP: 36/44 MP: 3/3
   908 | D:2      | Reached skill level 5 in Unarmed Combat
  1349 | D:2      | Reached XP level 5. HP: 37/53 MP: 4/4
  1471 | D:3      | Found a shattered altar of Ashenzari.
  1643 | D:3      | Found a blossoming altar of Fedhas.
  1904 | D:3      | Noticed Crazy Yiuf
  1914 | D:3      | Killed Crazy Yiuf
  1914 | D:3      | Reached skill level 6 in Unarmed Combat
  1914 | D:3      | Reached XP level 6. HP: 35/61 MP: 5/5
  2024 | D:4      | HP: 2/61 [orc/trident (10)]
  2557 | D:4      | Reached XP level 7. HP: 49/66 MP: 6/6
  2645 | D:4      | Found a staircase to the Ecumenical Temple.
  2818 | Temple   | Entered the Ecumenical Temple
  2941 | D:5      | Entered Level 5 of the Dungeon
  3027 | D:5      | Reached skill level 7 in Unarmed Combat
  3127 | D:5      | Noticed Grinder
  3142 | D:5      | Killed Grinder
  3178 | D:5      | Found a glowing drain.
  3186 | Sewer    | Entered a sewer
  4088 | D:5      | Reached XP level 8. HP: 68/77 MP: 7/7
  4135 | D:5      | Found a shadowy altar of Dithmenos.
  4137 | D:5      | Found a stormy altar of Qazlal.
  4251 | D:5      | HP: 1/77 [centaur/shortbow (3)]
  4253 | D:5      | Reached skill level 8 in Unarmed Combat
  4742 | D:6      | Got a twisted quarterstaff
  4743 | D:6      | Identified the +2 quarterstaff of Axisouv {drain, Str+4} (You found it on level 6 of the Dungeon)
  4829 | D:6      | HP: 1/77 [orc/trident (9)]
  5122 | D:6      | Reached skill level 5 in Dodging
  5128 | D:6      | Reached skill level 5 in Fighting
  5162 | D:6      | Reached skill level 9 in Unarmed Combat
  5630 | D:7      | Gained mutation: You have very sharp teeth. [mutagenic meat]
  5631 | D:7      | Gained mutation: You are frail (-10% HP). [mutagenic meat]
  5741 | D:7      | Reached XP level 9. HP: 46/77 MP: 8/8
  6705 | D:8      | Reached skill level 10 in Unarmed Combat
  6842 | D:8      | Gained mutation: You have sharp toenails. [potion of mutation]
  6842 | D:8      | Gained mutation: You are partially covered in icy blue scales (AC +1). [potion of mutation]
  7435 | D:9      | Found a staircase to the Orcish Mines.
  7565 | D:9      | Reached skill level 11 in Unarmed Combat
  7568 | D:9      | Reached XP level 10. HP: 46/88 MP: 9/9
  7802 | D:9      | Noticed a centaur zombie
  7810 | D:9      | Killed a centaur zombie
  8231 | D:9      | Lost mutation: You are frail (-10% HP). [mutagenic meat]
  8232 | D:9      | Gained mutation: You are agile. (Dex +2) [mutagenic meat]
  8233 | D:9      | Gained mutation: You have a pair of small horns on your head. [mutagenic meat]
  8234 | D:9      | Gained mutation: You have supernaturally acute eyesight. [mutagenic meat]
  8235 | D:9      | Gained mutation: You are partially covered in thin metallic scales (AC +2). [mutagenic meat]
  8261 | D:10     | Entered Level 10 of the Dungeon
  8287 | D:10     | Noticed a hill giant
  8301 | D:10     | Killed a hill giant
  8301 | D:10     | Reached skill level 12 in Unarmed Combat
  8768 | D:10     | Found a staircase to the Lair.
  8920 | D:10     | Reached XP level 11. HP: 109/109 MP: 10/10
  9260 | Lair:1   | Entered Level 1 of the Lair of Beasts
  9837 | Lair:6   | Reached skill level 13 in Unarmed Combat
 10090 | Lair:7   | Noticed a death yak
 10090 | Lair:7   | Noticed a death yak
 10091 | Lair:7   | Noticed a death yak
 10093 | Lair:7   | Noticed a death yak
 10268 | Lair:8   | Entered Level 8 of the Lair of Beasts
 10279 | Lair:8   | Found a staircase to the Slime Pits.
 10279 | Lair:8   | Noticed Adamkad1's ghost (journeyman TrMo)
 10280 | Lair:8   | Found a viscous altar of Jiyva.
 10288 | Lair:8   | Became a worshipper of Jiyva Jaubuj the Shapeless
 10288 | Lair:8   | Reached * piety under Jiyva
 10288 | Lair:8   | Reached ** piety under Jiyva
 10297 | Lair:8   | Mangled by a spiny frog

Vault maps used:
D:1:      onia_arrival_zoo_common
D:2:      minmay_misc_feat_four_crosses, hangedman_abyss_or_decor_stabs,
          solitary_fountain, uniq_jessica
D:3:      overflow_temple_1_default, first_bread, nicolae_ashenzari_panopticon,
          uniq_crazy_yiuf_cottage
D:4:      minmay_temple_entry_fiery
D:5:      nicolae_overflow_hidden_temple, lightli_sewer_entry_pipes,
          kennysheep_big_empty_room, uniq_grinder
D:6:      hex_medium
D:7:      the_bakery
D:9:      orc_0_dummy
D:10:     lair_0_dummy
Temple:   lightli_temple_of_artemis
Lair:2:   minivault_25
Lair:3:   elwin_shoals_entry_stream, uniq_sonja
Lair:4:   uniq_maud
Lair:5:   grunt_megastairs_1
Lair:6:   dummy_snake_entry
Lair:7:   grunt_forest_large_clearings, lemuel_fruit_tree, serial_bayou_shore_a,
          grunt_megastairs_2
Lair:8:   hangedman_lair_tendril_chambers, slime_altar_1,
          minmay_lair_oklob_bushes, infiniplex_staircase_pool
Sewer:    sewer_co_scattered_pipes

Action                   |  1- 3 |  4- 6 |  7- 9 | 10-12 || total
-------------------------+-------+-------+-------+-------++-------
Melee: Unarmed           |    97 |   205 |   414 |   222 ||   938
Evoke: Wand              |       |       |       |     1 ||     1
  Use: Scroll            |     5 |     3 |    10 |    11 ||    29
       Potion            |       |     1 |     3 |     2 ||     6
 Stab: Sleeping          |     1 |     1 |     4 |     2 ||     8
       Distracted        |       |       |     1 |       ||     1
       Confused          |       |       |       |     1 ||     1
  Eat: Chunk             |    11 |    15 |    56 |    29 ||   111
